Map: Purity and Industry LE

Players

antagomiR - Winner!

  • Race: Protoss Protoss
  • Spawn Location: 3:00

VOD

Have the link to the VOD?

Description

Time

  • Played on: March 29, 2020, 8:57 p.m.
  • Length: 14:27
Show
View Real Time Build Order
Export as new Build Order

antagomiR Protoss - Winner!

Build Orders:  

Get SALT Encoding   

  12  0:04  Probe (Chrono Boost)  
  14  0:20  Probe (Chrono Boost)  
  14  0:26  Pylon  
  14  0:37  Probe (Chrono Boost)  
  15  0:47  Assimilator  
  15  0:54  Probe (Chrono Boost)  
  16  1:02  Assimilator  
  16  1:18  Gateway  
  16  1:26  Probe (Chrono Boost)  
  17  1:36  Assimilator  
  17  1:43  Probe (Chrono Boost)  
  19  2:00  Probe (Chrono Boost)  
  19  2:09  Pylon  
  19  2:29  Cybernetics Core  
  19  2:35  Probe (Chrono Boost)  
  20  2:52  Probe (Chrono Boost)  
  21  3:09  Probe (Chrono Boost)  
  22  3:29  Probe (Chrono Boost)  
  22  3:31  Zealot  
  24  3:46  Twilight Council  
  24  3:49  Gateway  
  24  3:51  Gateway  
  24  3:59  Gateway  
  24  4:01  Probe  
  25  4:17  Warp Gate (Chrono Boost)  
  25  4:29  Probe  
  26  4:44  Zealot (Chrono Boost)  
  26  4:46  Probe  
  26  4:49  Dark Shrine  
  29  5:11  Probe  
  30  5:28  Probe  
  31  5:34  Pylon  
  31  5:44  Nexus  
  31  5:45  Pylon  
  31  5:59  Probe  
  32  6:10  Pylon  
  32  6:31  Dark Templar x2  
  32  6:33  Dark Templar  
  32  6:34  Dark Templar  
  40  7:13  Shield Battery  
  40  7:18  Dark Templar x3  
  32  9:37  Dark Templar x2  
  32  9:38  Dark Templar x2  
  40  10:16  Assimilator  
  40  10:20  Assimilator  
  40  10:24  Dark Templar  
  42  10:35  Probe  
  43  10:44  Stargate  
  43  10:52  Probe  
  44  11:01  Pylon  
  44  11:32  Nexus  
  44  11:35  Pylon  
  44  12:13  Dark Templar x2  
  44  12:14  Dark Templar  
  48  13:46  Probe x2  
  50  14:03  Probe x2  
Tags
 
Add a new tag
Caveats
  • Supply blocks, unpowered buildings, or Contaminate may cause inaccurate times.
  • Supply counts are checked every 10 seconds.